 Dungeon Crawl Stone Soup version 0.29-a0-22-gbf593b16ee (webtiles) character file.

Game seed: 957405672969985383

95 funkygono the Firebug (level 4, -9/24 HPs)
             Began as a Gargoyle Fire Elementalist on Jan 29, 2022.
             Mangled by an ogre (24 damage)
             ... on level 3 of the Dungeon.
             The game lasted 00:04:38 (2685 turns).

funkygono the Firebug (Gargoyle Fire Elementalist)  Turns: 2685, Time: 00:04:38

Health: -9/24      AC:  8    Str: 12    XL:     4   Next: 65%
Magic:  11/16      EV: 16    Int: 17    God:
Gold:   118        SH:  0    Dex: 10    Spells: 2/8 levels left

rFire   . . .      SeeInvis .   c - +0 club
rCold   . . .      Faith    .   (no shield)
rNeg    + . .      Spirit   .   a - +0 robe
rPois   ∞          Reflect  .   (no helmet)
rElec   +          Harm     .   h - +2 cloak
rCorr   .          Rampage  .   (no gloves)
Will    .....                   (no boots)
Stlth   ++........              (no amulet)
HPRegen 0.08/turn               e - ring of magical power
MPRegen 0.15/turn               k - +4 ring of evasion

@: no status effects
A: sickness immunity, AC +3, negative energy resistance 1, electricity
resistance, torment resistance 1, petrification resistance
a: no special abilities


You were on level 3 of the Dungeon.
You visited 1 branch of the dungeon, and saw 3 of its levels.

You collected 118 gold pieces.

Inventory:

Hand Weapons
 c - a +0 club (weapon)
Missiles
 b - 28 stones
Armour
 a - a +0 robe (worn)
 h - a +2 cloak (worn)
 i - a +0 leather armour
Magical Staves
 g - a staff of poison
Jewellery
 e - a ring of magical power (left hand)
 f - a +6 ring of dexterity
 k - a +4 ring of evasion (right hand)
Wands
 l - a wand of charming (13)
Scrolls
 d - a scroll of enchant armour {unknown}
 j - a scroll of blinking {unknown}


   Skills:
 + Level 2.1 Dodging
 - Level 2.1 Stealth
 * Level 2.6 Spellcasting
 * Level 1.4 Conjurations
 * Level 4.3 Fire Magic


You had 2 spell levels left.
You knew the following spells:

 Your Spells              Type           Power      Damage    Failure   Level
a - Foxfire               Conj/Fire      48%        2x1d6     5%          1
b - Scorch                Fire           34%        2d7       4%          2
c - Conjure Flame         Conj/Fire      12%        6-21      16%         3

Your spell library contained the following spells:

 Spells                   Type           Power      Damage    Failure   Level
 Inner Flame              Hex/Fire       9%         N/A       22%         3
 Flame Wave               Conj/Fire      12%        2d6       47%         4
 Call Canine Familiar     Summ           2%         N/A       50%         3
 Summon Cactus Giant      Summ           1%         N/A       100%        6
 Spellforged Servitor     Conj/Summ      2%         N/A       100%        7


Dungeon Overview and Level Annotations

Branches:
Dungeon (3/15)

Altars:


Innate Abilities, Weirdness & Mutations

You are immune to sickness and miasma.
Your stone body is resilient. (AC +3)
You are immune to poison.
You resist negative energy. (rN+)
You are resistant to electric shocks. (rElec)
You are resistant to unholy torment.
You are immune to petrification.


Message History

Confirm with . or Enter, or press ? or * to list all spells.
You conjure some foxfire!
Casting: Foxfire (safe; 5% risk of failure)
Confirm with . or Enter, or press ? or * to list all spells.
You conjure some foxfire!
Casting: Foxfire (safe; 5% risk of failure)
Confirm with . or Enter, or press ? or * to list all spells.
You conjure some foxfire!
The foxfire hits the ogre.
The ogre is lightly wounded.
The foxfire hits the ogre.
The ogre is lightly wounded.
The foxfire hits the ogre.
The ogre is lightly wounded.
The foxfire hits the ogre.
The ogre is lightly wounded.
Casting: Foxfire (safe; 5% risk of failure)
Confirm with . or Enter, or press ? or * to list all spells.
You conjure some foxfire!
The foxfire hits the ogre.
The ogre is moderately wounded.
The foxfire hits the ogre.
The ogre is moderately wounded.
Unknown command.
Casting: Foxfire (safe; 5% risk of failure)
Confirm with . or Enter, or press ? or * to list all spells.
Flames lash the ogre.
The ogre is severely wounded.
The ogre's fire resistance burns away.
You hear a shout!
The foxfire hits the ogre.
The ogre is burned terribly!
The ogre is severely wounded.
The foxfire hits the ogre.
The ogre is burned terribly!
The ogre is almost dead.
You hit the ogre but do no damage.
The ogre is almost dead.
The ogre hits you with a +0 giant club!
You barely miss the ogre.
The ogre is almost dead.
The ogre hits you with a +0 giant club!!
Ouch! That really hurt!
You die...

#.............#...#....
#......########...#####
..†....# #...# ..)...##
#...# #.##...# #...#
#.##.### #...# ).# .#
## #...##### ###.#
.#...#.......## .....
#>.....@........ ####.
.....#..O....###
..#.##.......# . #.
#.#.#...# # #......)#
#.#.#...# #.......#
........#


You could see an ogre (combustible).

Vanquished Creatures
  3 adders (D:2)
  2 worms (D:2)
  5 orcs (D:3)
  4 ball pythons
  3 bats
  5 endoplasms
  2 giant cockroaches (D:2)
  5 goblins
  6 hobgoblins
  5 kobolds
  A quokka (D:3)
  4 frilled lizards
  10 rats
55 creatures vanquished.

Vanquished Creatures (others)
  117 foxfires
117 creatures vanquished.

Grand Total: 172 creatures vanquished

Notes
Turn   | Place    | Note
-------+----------+-------------------------------------------
     0 | D:1      | funkygono the Gargoyle Fire Elementalist began the quest
                  | for the Orb.
     0 | D:1      | Reached XP level 1. HP: 10/10 MP: 3/3
    60 | D:1      | Found a faded altar of an unknown god.
   559 | D:1      | Reached XP level 2. HP: 15/15 MP: 3/5
   963 | D:1      | Got Idwes's Compendium of Companions
  1057 | D:1      | Reached XP level 3. HP: 15/19 MP: 6/6
  1060 | D:1      | Learned a level 2 spell: Scorch
  1064 | D:1      | Learned a level 3 spell: Conjure Flame
  1604 | D:2      | Reached skill level 4 in Fire Magic
  1696 | D:2      | Reached XP level 4. HP: 24/24 MP: 7/7
  2678 | D:3      | Noticed an ogre
  2685 | D:3      | Mangled by an ogre

Illustrated notes

Levels and vault maps discovered:
D:1:      saegor_arrival_simple_d, layout_loops_cross,
          shapermc_ecumenical_altar_notcrosses
D:2:      layout_loops_corners, serial_park_tiny_2, kennysheep_generic_room_15
D:3:      layout_loops_ring, fedhas_altar_fruit_tree, serial_co_window_serial,
          co_window_paths_b, co_window_corner_a, co_window_of_opportunity_a,
          co_window_corner_a, co_window_of_opportunity_a,
          co_window_of_opportunity_a, co_window_paths_a, co_window_broadway_a,
          co_window_broadway_b, co_window_of_opportunity_c,
          co_window_of_opportunity_c, co_window_broadway_b, co_window_4corner_b,
          glass_columns_a, kennysheep_generic_room_5, uniq_grinder

Skill      XL: |  1  2  3 |
---------------+----------+-----
Dodging        | 2 |  2.1
Fire Magic     | 4 |  4.3
Stealth        | |  2.1
Spellcasting   | |  2.6
Conjurations   | |  1.4

Action                   |  1- 3 |  4- 6 || total
-------------------------+-------+-------++-------
Melee: Club              |    10 |     9 ||    19
 Cast: Foxfire           |    41 |    28 ||    69
       Scorch            |     6 |    10 ||    16
Armor: Robe              |     9 |     4 ||    13
Dodge: Dodged            |    18 |    16 ||    34

Table legend: (Time is in decaauts)
 A = Elapsed time spent in this place.
 B = Non-inter-level travel time spent in this place.
 C = Inter-level travel time spent in this place.
 D = Time resting spent in this place.
 E = Time spent auto-exploring this place.
 F = Levels seen in this place.
 G = Mean time per level.
                   A        B        C        D        E       F      G
               +--------+--------+--------+--------+--------+-----+--------+
         Total |   2688 |   2590 |     98 |      8 |   2209 |   3 |  896.0 |
       Dungeon |   2688 |   2590 |     98 |      8 |   2209 |   3 |  896.0 |
               +--------+--------+--------+--------+--------+-----+--------+

Top non-repeatable levels by time:
     D:1: 1339 daAuts
     D:2: 1100 daAuts
     D:3: 249 daAuts
